 Dungeon Crawl Stone Soup version 0.26.0-10-g1f06aea511 (webtiles) character file.

Game seed: 2192647891418799753

179 shakesphere1979 the Insei (level 5, -1/41 HPs)
             Began as a Demigod Transmuter on Jan 14, 2021.
             Killed by divine providence
             ... invoked by an orc priest
              (13 damage)
             ... on level 4 of the Dungeon.
             The game lasted 00:10:23 (3220 turns).

shakesphere1979 the Insei (Demigod Transmuter)      Turns: 3220, Time: 00:10:23

Health: -1/41      AC:  6    Str: 13    XL:     5   Next: 10%
Magic:  10/11      EV: 13    Int: 19    God:
Gold:   162        SH:  0    Dex: 16    Spells: 6/9 levels left

rFire    . . .     SeeInvis .     - Unarmed
rCold    . . .     Faith    .   (no shield)
rNeg     . . .     Spirit   .   a - +0 robe
rPois    .         Reflect  .   (helmet currently unavailable)
rElec    .         Harm     .   w - +0 cloak
rCorr    .         Rampage  .   e - +2 pair of gloves
Will     .....                  (boots currently unavailable)
Stlth    +.........             (no amulet)
HPRegen  0.13/turn              (no ring)
MPRegen  0.12/turn              (no ring)

@: appendages (expiring), wereblooded
A: horns 2, talons 2, high mp 1
a: End Transformation


You were on level 4 of the Dungeon.
You had grown temporary horns.
You had grown temporary talons.
You visited 1 branch of the dungeon, and saw 4 of its levels.

You collected 162 gold pieces.

Inventory:

Hand Weapons
 n - a +1 spear of flaming
 r - a +2 dagger of venom
Missiles
 b - 192 stones
 f - 48 bolts
 m - 32 arrows
Armour
 a - a +0 robe (worn)
 e - a +2 pair of gloves (worn)
 o - a +0 pair of boots (melded)
 q - a +0 plate armour
 v - a +0 buckler
 w - a +0 cloak (worn)
Scrolls
 d - 4 scrolls of identify
 g - a scroll of random uselessness {unknown}
 j - 3 scrolls of remove curse
 k - 3 scrolls of teleportation
 p - a scroll of magic mapping
 s - a scroll of enchant weapon
 t - a scroll of immolation {unknown}
Potions
 c - 2 potions of invisibility {unknown}
 h - 3 potions of curing
 i - 2 potions of mutation {unknown}
 l - 3 potions of flight {unknown}
 u - a potion of might {unknown}


   Skills:
 + Level 2.2 Fighting
 + Level 2.6 Dodging
 + Level 3.4 Unarmed Combat
 + Level 2.5 Spellcasting
 + Level 2.7 Transmutations


You had 6 spell levels left.
You knew the following spells:

 Your Spells              Type           Power        Failure   Level
a - Beastly Appendage     Tmut           24%          5%          1
b - Wereblood             Tmut           12%          8%          2

Your spell library contained the following spells:

 Spells                   Type           Power        Failure   Level
 Animate Skeleton         Necr           4%           16%         1
 Apportation              Tloc           4%           16%         1
 Corona                   Hex            2%           16%         1
 Magic Dart               Conj           8%           16%         1
 Summon Small Mammal      Summ           8%           16%         1
 Blink                    Tloc           N/A          24%         2
 Call Imp                 Summ           2%           24%         2
 Slow                     Hex            2%           24%         2
 Spider Form              Tmut/Pois      3%           26%         3
 Conjure Flame            Conj/Fire      2%           43%         3
 Mephitic Cloud           Conj/Pois/Air  2%           43%         3
 Ice Form                 Ice/Tmut       7%           65%         4
 Blade Hands              Tmut           6%           82%         5


Dungeon Overview and Level Annotations

Branches:
Dungeon (4/15)
 Temple: D:4-7

Annotations:
D:3 2 transporters


Innate Abilities, Weirdness & Mutations

You have an increased reservoir of magic. (+10% MP)
You have a pair of horns on your head.
You have razor-sharp toenails.


Message History

You kill the orc!
You punch the orc!
You kill the orc!
Your transformation is almost over.
The orc shouts!
An orc priest comes into view. It is wielding a +0 war axe.
The orc priest mumbles some strange prayers to Beogh against you.
Beogh smites you! The orc misses you.
Items here: ( ))) [[[.
You punch the orc!
You kill the orc!
The orc priest calls down the wrath of Beogh upon you.
Beogh smites you!
* * * LOW HITPOINT WARNING * * *
You closely miss the orc. You claw the orc.
The orc is moderately wounded.
You howl as the wereblood boils in your veins!
The orc priest invokes the aid of Beogh against you.
Beogh smites you!
You die...

###.....# #............#
####..# ##............#
#..# #.............#
######..####.####........#
............># #........#
.#####...###.# #........#
#...# #.# #......<.+
#...###.# #........#
#...o@..# #........#
##o.##### #........# #o.#
#######.## .o..# #.#
...#.# #.# o..###.# ..#
... #.# .. #.


You could see 2 orc priests and 2 orcs.

Vanquished Creatures
  A worker ant (D:4)
  4 adders
  An ooze (D:1)
  4 worms
  2 dart slugs
  3 leopard geckos
  9 orcs
  2 ball pythons
  6 giant cockroaches
  12 goblins
  7 hobgoblins
  5 kobolds
  2 quokkas
  10 bats
  7 frilled lizards
  13 rats
88 creatures vanquished.

Notes
Turn   | Place    | Note
-------+----------+-------------------------------------------
     0 | D:1      | shakesphere1979 the Demigod Transmuter began the quest for
                  | the Orb.
     0 | D:1      | Reached XP level 1. HP: 15/15 MP: 5/5
    59 | D:1      | Reached skill level 1 in Fighting
   206 | D:1      | Reached XP level 2. HP: 18/23 MP: 5/7
   311 | D:1      | Learned a level 2 spell: Wereblood
   628 | D:1      | Reached skill level 3 in Unarmed Combat
   633 | D:1      | Reached XP level 3. HP: 28/28 MP: 6/8
  1208 | D:2      | Reached XP level 4. HP: 36/36 MP: 10/10
  1913 | D:3      | Found a transporter.
  1914 | D:3      | Noticed a kobold demonologist
  2490 | D:3      | Found a transporter.
  3083 | D:4      | Reached XP level 5. HP: 33/41 MP: 11/11
  3220 | D:4      | Killed from afar by an orc priest

Illustrated notes

Levels and vault maps discovered:
D:1:      nzn_arrival_water_spiral, layout_rooms, columned_hall_lemuel
D:2:      layout_rooms
D:3:      gammafunk_wand_slinger, layout_basic,
          minmay_fractal_squares_diagonal_5
D:4:      layout_basic

Skill      XL: |  1  2  3  4 |
---------------+-------------+-----
Fighting       | 1 2 |  2.2
Dodging        | 2 |  2.6
Transmutations | 2 |  2.7
Spellcasting   | 2 |  2.5
Unarmed Combat | 3 |  3.4

Action                   |  1- 3 |  4- 6 || total
-------------------------+-------+-------++-------
Melee: Unarmed           |   112 |   111 ||   223
       Kick              |    25 |    24 ||    49
       Headbutt          |    17 |    16 ||    33
       Punch             |     2 |     3 ||     5
 Cast: Beastly Appendage |    21 |    22 ||    43
       Wereblood         |       |     1 ||     1
  Use: Scroll            |       |     9 ||     9
 Stab: Sleeping          |     1 |     1 ||     2
Armor: Robe              |    41 |    18 ||    59
Dodge: Dodged            |   101 |    58 ||   159
